[ AOE2 MATCH · #507194256 ]
UnrankedCumans vs Chinese
Player's team · LOSS
Rival team · WIN
[ REPLAY ANALYSIS · EXTRACTED FROM THE RECORDED GAME ]
Feudal
9:18
Castle
19:58
Imperial
—
| APM avg | 70.5 |
| APM peak | 123 |
| eAPM avg | 36.6 |
| Villagers / military | 91 / 27 |
Focus
⚔️ 63.4% · 🌾 36.6%
Monk ×7 · Scout Cavalry ×7 · Knight ×5 · Camel Scout ×4 · Spearman ×2 · Battering Ram ×2
Feudal
8:58
Castle
20:40
Imperial
—
| APM avg | 81.4 |
| APM peak | 124 |
| eAPM avg | 28.5 |
| Villagers / military | 52 / 46 |
Focus
⚔️ 53.4% · 🌾 46.6%
Knight ×27 · Scout Cavalry ×6 · Monk ×5 · Archer ×5 · Spearman ×2 · Fire Lancer ×1
Match map
Initial resources + every placement click. Lines = walls · curves = elevation contours. ◆ gold · ⬟ stone · ● berries · ✦ relic · ◌ wall gap
Your base· Open — 5t gap
德裕仁辅's base· Open — 3t gap
Smoothed initial terrain · ◌ = detected wall gap · hover for details
Inputs per minute
— alesh - - 德裕仁辅
Build order — alesh
First 150 of 194 actions detected
| 0:00 | Queue | Villager (Male) |
| 0:00 | Queue | Villager (Male) |
| 0:01 | Queue | Villager (Male) |
| 0:01 | Queue | Villager (Male) |
| 0:01 | Queue | Villager (Male) |
| 0:03 | Build | House |
| 0:05 | Build | House |
| 1:32 | Queue | Villager (Male) |
| 1:32 | Queue | Villager (Male) |
| 2:02 | Queue | Villager (Male) |
| 2:02 | Queue | Villager (Male) |
| 2:11 | Build | Lumber Camp |
| 2:15 | Queue | Villager (Male) |
| 2:49 | Queue | Villager (Male) |
| 2:49 | Queue | Villager (Male) |
| 3:04 | Queue | Villager (Male) |
| 3:04 | Queue | Villager (Male) |
| 3:28 | Queue | Villager (Male) |
| 3:55 | Build | House |
| 4:03 | Queue | Villager (Male) |
| 4:03 | Queue | Villager (Male) |
| 4:34 | Queue | Villager (Male) |
| 4:35 | Queue | Villager (Male) |
| 4:35 | Queue | Villager (Male) |
| 5:00 | Queue | Villager (Male) |
| 5:00 | Queue | Villager (Male) |
| 5:22 | Queue | Villager (Male) |
| 5:45 | Build | Mill |
| 6:16 | Queue | Villager (Male) |
| 6:21 | Research | Loom |
| 7:08 | Research | Feudal Age |
| 7:20 | Build | House |
| 7:35 | Build | Barracks |
| 7:53 | Queue | Villager (Male) |
| 8:32 | Queue | Villager (Male) |
| 8:57 | Build | Mill |
| 9:18 | Age | Feudal Age |
| 9:28 | Build | Stable |
| 9:34 | Research | Double-Bit Axe |
| 9:35 | Queue | Villager (Male) |
| 10:08 | Queue | Spearman |
| 10:17 | Build | House |
| 10:25 | Queue | Villager (Male) |
| 10:29 | Build | Town Center |
| 10:40 | Queue | Scout Cavalry |
| 10:40 | Queue | Scout Cavalry |
| 10:48 | Build | Farm |
| 10:51 | Build | Farm |
| 10:53 | Queue | Villager (Male) |
| 11:11 | Queue | Villager (Male) |
| 11:13 | Build | Farm |
| 11:30 | Queue | Villager (Male) |
| 11:32 | Build | Farm |
| 11:36 | Build | House |
| 11:38 | Build | Palisade Wall |
| 11:51 | Queue | Villager (Male) |
| 12:10 | Queue | Villager (Male) |
| 12:12 | Build | Farm |
| 12:18 | Build | House |
| 12:19 | Build | Palisade Wall |
| 12:23 | Queue | Villager (Male) |
| 12:23 | Queue | Villager (Male) |
| 12:28 | Build | Farm |
| 12:48 | Queue | Villager (Male) |
| 12:51 | Build | Farm |
| 13:05 | Queue | Villager (Male) |
| 13:33 | Build | Farm |
| 13:34 | Queue | Villager (Male) |
| 13:34 | Queue | Villager (Male) |
| 13:43 | Queue | Villager (Male) |
| 13:43 | Queue | Villager (Male) |
| 13:56 | Build | Farm |
| 14:00 | Build | House |
| 14:01 | Queue | Villager (Male) |
| 14:01 | Queue | Villager (Male) |
| 14:16 | Build | Farm |
| 14:18 | Queue | Spearman |
| 14:27 | Build | House |
| 14:32 | Queue | Villager (Male) |
| 14:41 | Build | Farm |
| 15:00 | Queue | Villager (Male) |
| 15:02 | Build | Farm |
| 15:13 | Build | House |
| 15:17 | Build | Farm |
| 15:23 | Build | Farm |
| 15:27 | Queue | Villager (Male) |
| 16:15 | Build | Blacksmith |
| 16:18 | Build | Farm |
| 16:20 | Build | Farm |
| 16:20 | Queue | Villager (Male) |
| 16:34 | Queue | Villager (Male) |
| 16:45 | Build | House |
| 16:47 | Build | House |
| 17:18 | Research | Castle Age |
| 17:33 | Build | Stable |
| 17:34 | Build | Stable |
| 17:39 | Queue | Villager (Male) |
| 17:39 | Queue | Villager (Male) |
| 17:51 | Queue | Villager (Male) |
| 17:59 | Build | Farm |
| 18:01 | Build | Farm |
| 18:03 | Build | Farm |
| 18:07 | Build | Farm |
| 18:08 | Queue | Villager (Male) |
| 18:13 | Build | Farm |
| 18:19 | Queue | Scout Cavalry |
| 18:19 | Queue | Scout Cavalry |
| 18:31 | Queue | Scout Cavalry |
| 18:35 | Build | Farm |
| 18:38 | Build | Farm |
| 18:39 | Build | Farm |
| 19:07 | Queue | Scout Cavalry |
| 19:08 | Queue | Scout Cavalry |
| 19:22 | Queue | Villager (Male) |
| 19:23 | Queue | Villager (Male) |
| 19:57 | Build | Farm |
| 19:58 | Age | Castle Age |
| 20:01 | Queue | Knight |
| 20:02 | Queue | Knight |
| 20:02 | Queue | Knight |
| 20:03 | Queue | Villager (Male) |
| 20:03 | Queue | Villager (Male) |
| 20:06 | Build | Farm |
| 21:07 | Queue | Villager (Male) |
| 21:08 | Queue | Villager (Male) |
| 21:10 | Queue | Villager (Male) |
| 21:10 | Queue | Villager (Male) |
| 21:21 | Build | Town Center |
| 21:37 | Queue | Knight |
| 21:37 | Queue | Knight |
| 21:38 | Queue | Villager (Male) |
| 21:38 | Queue | Villager (Male) |
| 21:44 | Build | Siege Workshop |
| 22:02 | Queue | Villager (Male) |
| 22:03 | Build | Farm |
| 22:05 | Queue | Villager (Male) |
| 22:05 | Queue | Villager (Male) |
| 22:14 | Queue | Camel Scout |
| 22:14 | Queue | Camel Scout |
| 22:23 | Build | Monastery |
| 22:27 | Queue | Villager (Male) |
| 22:28 | Queue | Villager (Male) |
| 22:38 | Build | Farm |
| 22:51 | Queue | Villager (Male) |
| 22:51 | Queue | Villager (Male) |
| 22:52 | Queue | Villager (Male) |
| 22:52 | Queue | Villager (Male) |
| 22:52 | Queue | Villager (Male) |
| 23:03 | Queue | Camel Scout |
| 23:04 | Queue | Camel Scout |
Build order — 德裕仁辅
First 150 of 179 actions detected
| 0:02 | Research | Loom |
| 0:47 | Queue | Villager (Male) |
| 1:13 | Queue | Villager (Male) |
| 1:36 | Queue | Villager (Male) |
| 2:06 | Queue | Villager (Male) |
| 2:06 | Queue | Villager (Male) |
| 2:29 | Build | Lumber Camp |
| 2:33 | Queue | Villager (Male) |
| 2:38 | Build | House |
| 2:53 | Queue | Villager (Male) |
| 3:19 | Queue | Villager (Male) |
| 3:20 | Queue | Villager (Male) |
| 3:20 | Queue | Villager (Male) |
| 4:08 | Queue | Villager (Male) |
| 4:09 | Queue | Villager (Male) |
| 4:47 | Queue | Villager (Male) |
| 5:09 | Build | Mill |
| 5:33 | Queue | Villager (Male) |
| 5:50 | Queue | Villager (Male) |
| 5:53 | Build | House |
| 6:20 | Queue | Villager (Male) |
| 6:47 | Research | Feudal Age |
| 6:48 | Research | Feudal Age |
| 7:15 | Build | Barracks |
| 8:10 | Queue | Villager (Male) |
| 8:19 | Build | House |
| 8:36 | Queue | Villager (Male) |
| 8:58 | Age | Feudal Age |
| 9:01 | Build | Mill |
| 9:02 | Queue | Villager (Male) |
| 9:06 | Build | Stable |
| 9:14 | Queue | Spearman |
| 9:22 | Build | Palisade Wall |
| 9:36 | Research | Double-Bit Axe |
| 9:37 | Queue | Villager (Male) |
| 9:47 | Build | Palisade Wall |
| 9:52 | Build | Palisade Wall |
| 10:04 | Queue | Scout Cavalry |
| 10:04 | Queue | Scout Cavalry |
| 10:07 | Queue | Villager (Male) |
| 10:14 | Build | House |
| 10:25 | Build | Farm |
| 10:26 | Build | Farm |
| 10:28 | Build | Farm |
| 10:32 | Build | Farm |
| 10:35 | Queue | Spearman |
| 10:38 | Build | House |
| 10:57 | Queue | Villager (Male) |
| 11:04 | Build | House |
| 11:16 | Queue | Scout Cavalry |
| 11:26 | Queue | Villager (Male) |
| 11:26 | Queue | Villager (Male) |
| 11:26 | Queue | Villager (Male) |
| 11:33 | Build | House |
| 11:35 | Build | Palisade Wall |
| 11:40 | Queue | Villager (Male) |
| 11:41 | Build | Farm |
| 12:12 | Queue | Villager (Male) |
| 12:20 | Build | Farm |
| 12:22 | Research | Horse Collar |
| 12:36 | Queue | Villager (Male) |
| 12:47 | Queue | Villager (Male) |
| 12:48 | Build | Farm |
| 12:49 | Build | Farm |
| 12:50 | Build | Farm |
| 12:54 | Build | Farm |
| 13:10 | Build | Archery Range |
| 13:19 | Build | House |
| 13:32 | Queue | Villager (Male) |
| 13:38 | Queue | Villager (Male) |
| 13:43 | Build | Mining Camp |
| 13:57 | Queue | Villager (Male) |
| 13:59 | Build | House |
| 14:13 | Build | Palisade Wall |
| 14:17 | Build | Palisade Wall |
| 14:25 | Build | Farm |
| 14:27 | Queue | Archer |
| 15:00 | Queue | Villager (Male) |
| 15:10 | Build | Farm |
| 15:10 | Build | Farm |
| 15:12 | Build | Farm |
| 15:16 | Queue | Archer |
| 15:19 | Queue | Scout Cavalry |
| 15:31 | Queue | Villager (Male) |
| 15:35 | Build | Mining Camp |
| 15:41 | Build | Farm |
| 15:50 | Queue | Archer |
| 15:52 | Queue | Scout Cavalry |
| 15:55 | Queue | Villager (Male) |
| 16:20 | Queue | Villager (Male) |
| 16:22 | Build | Farm |
| 16:26 | Build | Palisade Wall |
| 17:09 | Queue | Villager (Male) |
| 17:11 | Build | Watch Tower |
| 17:16 | Queue | Villager (Male) |
| 17:27 | Queue | Villager (Male) |
| 17:28 | Build | Farm |
| 17:31 | Build | Blacksmith |
| 17:34 | Queue | Archer |
| 17:57 | Research | Castle Age |
| 18:02 | Build | Palisade Gate |
| 18:06 | Build | House |
| 18:07 | Queue | Archer |
| 18:26 | Build | Palisade Wall |
| 18:32 | Build | Watch Tower |
| 18:37 | Build | Palisade Wall |
| 18:38 | Build | Palisade Wall |
| 18:39 | Build | Palisade Wall |
| 18:50 | Build | Watch Tower |
| 19:02 | Research | Fletching |
| 19:59 | Queue | Scout Cavalry |
| 20:27 | Build | Stable |
| 20:30 | Research | Scale Barding Armor |
| 20:40 | Age | Castle Age |
| 20:44 | Queue | Knight |
| 20:44 | Queue | Knight |
| 20:45 | Queue | Villager (Male) |
| 21:05 | Queue | Knight |
| 21:05 | Queue | Knight |
| 21:09 | Queue | Fire Lancer |
| 21:10 | Queue | Villager (Male) |
| 21:13 | Research | Gold Mining |
| 21:14 | Research | Bow Saw |
| 21:18 | Build | House |
| 21:21 | Build | Palisade Wall |
| 21:23 | Build | Palisade Wall |
| 21:43 | Research | Forging |
| 21:45 | Queue | Knight |
| 22:05 | Queue | Knight |
| 22:06 | Queue | Villager (Male) |
| 22:13 | Build | Monastery |
| 22:28 | Queue | Villager (Male) |
| 22:31 | Queue | Villager (Male) |
| 22:37 | Queue | Villager (Male) |
| 22:40 | Build | House |
| 22:44 | Queue | Villager (Male) |
| 22:49 | Queue | Monk |
| 23:10 | Queue | Knight |
| 23:10 | Queue | Knight |
| 23:10 | Queue | Knight |
| 23:24 | Build | Watch Tower |
| 23:39 | Research | Bloodlines |
| 23:39 | Research | Bloodlines |
| 23:58 | Queue | Knight |
| 23:58 | Queue | Knight |
| 24:01 | Queue | Monk |
| 24:17 | Queue | Villager (Male) |
| 24:19 | Queue | Villager (Male) |
| 24:20 | Build | Farm |
| 24:20 | Build | Farm |
Match timeline
| 7:15 | 德裕仁辅 · first_building Barracks |
| 7:35 | alesh · first_building Barracks |
| 8:58 | 德裕仁辅 · age_up feudal |
| 9:06 | 德裕仁辅 · first_building Stable |
| 9:18 | alesh · age_up feudal |
| 9:22 | 德裕仁辅 · wall_segment Palisade Wall x1 |
| 9:28 | alesh · first_building Stable |
| 9:47 | 德裕仁辅 · wall_segment Palisade Wall x3 |
| 9:52 | 德裕仁辅 · wall_segment Palisade Wall x9 |
| 11:35 | 德裕仁辅 · wall_segment Palisade Wall x15 |
| 11:38 | alesh · wall_segment Palisade Wall x4 |
| 12:19 | alesh · wall_segment Palisade Wall x13 |
| 13:10 | 德裕仁辅 · first_building Archery Range |
| 14:13 | 德裕仁辅 · wall_segment Palisade Wall x16 |
| 14:17 | 德裕仁辅 · wall_segment Palisade Wall x7 |
| 16:26 | 德裕仁辅 · wall_segment Palisade Wall x10 |
| 18:26 | 德裕仁辅 · wall_segment Palisade Wall x2 |
| 18:37 | 德裕仁辅 · wall_segment Palisade Wall x3 |
| 18:38 | 德裕仁辅 · wall_segment Palisade Wall x2 |
| 18:39 | 德裕仁辅 · wall_segment Palisade Wall x2 |
| 19:58 | alesh · age_up castle |
| 20:40 | 德裕仁辅 · age_up castle |
| 21:21 | 德裕仁辅 · wall_segment Palisade Wall x3 |
| 21:23 | 德裕仁辅 · wall_segment Palisade Wall x2 |
| 21:44 | alesh · first_building Siege Workshop |
| 22:13 | 德裕仁辅 · first_building Monastery |
| 22:23 | alesh · first_building Monastery |
| 27:07 | alesh · wall_segment Palisade Wall x1 |
| 27:36 | alesh · resign |
[ AI ANALYSIS · 1 CREDIT ]
What really happened in this match?
Wolo.gg analyzes every decision: build order, eco, micro, common mistakes by bracket. Personalized analysis on WhatsApp or Discord in 30 seconds.
Civ guide
Cumans
Perfil
Jugador #2134583